 Dungeon Crawl Stone Soup version 0.27.1-33-g824d729ab1 (webtiles) character file.

Game seed: 14778671332821612196

87 jlumianski the Skirmisher (level 4, -1/29 HPs)
             Began as a Gargoyle Monk on Dec 14, 2021.
             Was an Initiate of Gozag.
             Splashed by a jelly's acid (10 damage)
             ... on level 4 of the Dungeon.
             The game lasted 00:09:45 (3476 turns).

jlumianski the Skirmisher (Gargoyle Monk)           Turns: 3476, Time: 00:09:45

Health: -1/29      AC:  6    Str: 16    XL:     4   Next: 51%
Magic:  4/4        EV: 12    Int: 16    God:    Gozag
Gold:   166        SH:  0    Dex: 12    Spells: 3/3 levels left

rFire    . . .     SeeInvis .   a - +0 hand axe
rCold    . . .     Faith    .   (no shield)
rNeg     + . .     Spirit   .   i - +0 leather armour
rPois    ∞         Reflect  .   (no helmet)
rElec    +         Harm     .   (no cloak)
rCorr    .         Rampage  .   (no gloves)
Will     .....                  (no boots)
Stlth    ++........             (no amulet)
HPRegen  0.09/turn              c - +6 ring of intelligence
MPRegen  0.09/turn              (no ring)

@: no status effects
A: sickness immunity, AC +3, negative energy resistance 1, electricity
resistance, torment resistance 1, petrification resistance
a: Renounce Religion, Potion Petition, Call Merchant, Bribe Branch


You were on level 4 of the Dungeon.
You worshipped Gozag.
Gozag was aware of your devotion.
You visited 2 branches of the dungeon, and saw 5 of its levels.

You collected 166 gold pieces.

Inventory:

Hand Weapons
 a - a +0 hand axe (weapon)
Missiles
 e - 5 boomerangs (quivered)
 h - 30 stones
 n - 17 sling bullets
Armour
 b - a +0 robe
 i - a +0 leather armour (worn)
Magical Staves
 o - a staff of death
Jewellery
 c - a +6 ring of intelligence (left hand)
Scrolls
 d - a scroll of noise {unknown}
 j - a scroll of immolation {unknown}
 m - a scroll of identify {unknown}
Potions
 f - a potion of might {unknown}
 g - a potion of degeneration {unknown}
 k - 2 potions of curing {unknown}
 l - a potion of berserk rage {unknown}
 p - 2 potions of haste {unknown}
 q - a potion of mutation {unknown}
 r - a potion of ambrosia {unknown}


   Skills:
 + Level 3.8 Fighting
 + Level 3.4 Axes
 + Level 0.4 Throwing
 + Level 1.1 Armour
 + Level 2.9 Dodging
 + Level 2.9 Stealth


You had 3 spell levels left.
You didn't know any spells.
Your spell library was empty.

Dungeon Overview and Level Annotations

Branches:
Dungeon (4/15)             Temple (1/1) D:4

Altars:
Cheibriados
Gozag
Nemelex Xobeh
Trog
Jiyva

Annotations:
D:3 Sigmund, Terence
D:4 1 runed translucent door, Arandomuser's ghost, amateur MfGl


Innate Abilities, Weirdness & Mutations

You are immune to sickness and miasma.
Your stone body is resilient. (AC +3)
You are immune to poison.
You resist negative energy. (rN+)
You are resistant to electric shocks. (rElec)
You are resistant to unholy torment.
You are immune to petrification.


Message History

You barely miss the adder. The adder barely misses you.
You hit the adder.
The adder is moderately wounded.
The adder bites you but does no damage. x2
You hit the adder.
The adder is almost dead.
The adder completely misses you.
You hit the adder but do no damage.
The adder is almost dead.
The adder closely misses you. The adder misses you.
You barely miss the adder.
The adder is almost dead.
The adder closely misses you.
You closely miss the adder.
The adder is almost dead.
The adder closely misses you. x2
You hit the adder.
You kill the adder!
You now have 166 gold pieces (gained 7).
q - a viscous brown potion HP restored.
Found a green potion.
r - a green potion A jelly comes into view.
The jelly quivers.
The jelly hits you.
You are splashed with acid!
You hit the jelly.
Your hands burn!
The jelly is lightly wounded.
The jelly barely misses you.
You hit the jelly but do no damage.
Your hands burn!
The jelly is lightly wounded.
The jelly hits you but does no damage.
You slash the jelly!
Your hands burn!
The jelly is heavily wounded.
The jelly closely misses you.
You hit the jelly.
Your hands burn!
The jelly is almost dead.
The jelly hits you.
You are splashed with acid!
You die...
Your body crumbles into a pile of gold.

#....#
...........
#.####
...........
#...#
...........
###.#
######..###
##.#######
#...
#........#
##+##
#........#
#BB≈#
#........#
#≈≈≈#
#....@...#
#≈≈≈#
........J...#
#≈≈≈#
####........#
$ #........#
#........#
#####....#
#....# ......


You could see a jelly.

Vanquished Creatures
  2 adders (D:4)
  3 dart slugs (D:2)
  5 ball pythons
  5 bats
  8 endoplasms
  2 goblins
  5 hobgoblins
  6 jackals (D:2)
  4 kobolds
  7 quokkas
  2 frilled lizards (D:1)
  5 rats
54 creatures vanquished.

Notes
Turn   | Place    | Note
-------+----------+-------------------------------------------
     0 | D:1      | jlumianski the Gargoyle Monk began the quest for the Orb.
     0 | D:1      | Reached XP level 1. HP: 14/14 MP: 1/1
   362 | D:1      | Reached XP level 2. HP: 19/19 MP: 2/2
  1392 | D:2      | Reached XP level 3. HP: 23/23 MP: 3/3
  1421 | D:2      | Found a faded altar of an unknown god.
  2402 | D:3      | Found a sparkling altar of Nemelex Xobeh.
  2487 | D:3      | Reached XP level 4. HP: 29/29 MP: 4/4
  2595 | D:3      | Noticed Terence
  2595 | D:3      | Noticed Sigmund
  2727 | D:4      | Found a runed translucent door.
  2739 | D:4      | Noticed Arandomuser's ghost (amateur MfGl)
  2923 | D:4      | Found a staircase to the Ecumenical Temple.
  2935 | Temple   | Entered the Ecumenical Temple
  3104 | Temple   | Became a worshipper of Gozag Ym Sagoz the Greedy
  3387 | D:4      | Reached skill level 1 in Armour
  3476 | D:4      | Splashed by a jelly's acid

Illustrated notes

Levels and vault maps discovered:
D:1:      minmay_arrival_cross, layout_loops_corners
D:2:      layout_rooms, ebering_ecumenical_altar_box
D:3:      layout_basic, mainiacjoe_overflow_alcove_2, serial_glass,
          glass_columns_b, glass_columns_a, uniq_terence, uniq_natasha,
          uniq_grinder, uniq_sigmund, uniq_jessica
D:4:      layout_basic, lemuel_doored_altar, fedhas_altar_fruit_tree,
          temple_hall, ebering_ghost_sewer_f, lemuel_flame_loot_1
Temple:   pf_slime_end_temple

Skill      XL: |  1  2  3  4 |
---------------+-------------+-----
Axes           | 3 |  3.4
Armour         | 1 |  1.1
Fighting       | |  3.8
Throwing       | |  0.4
Dodging        | |  2.9
Stealth        | |  2.9

Action                   |  1- 3 |  4- 6 || total
-------------------------+-------+-------++-------
Melee: Hand axe          |   145 |    36 ||   181
Throw: Boomerang         |     8 |       ||     8
 Stab: Sleeping          |     4 |     1 ||     5
Armor: Robe              |    13 |       ||    13
       Leather armour    |    39 |     5 ||    44
Dodge: Dodged            |   101 |    25 ||   126
